 Dungeon Crawl Stone Soup version 0.30-a0-924-g0ad0bf95bc (webtiles) character file.

Game seed: 6465218147262155318

127 kiwi3s the Chopper (level 4, -8/61 HPs)
             Began as a Minotaur Berserker on Mar 22, 2023.
             Was a Believer of Trog.
             Killed from afar by an orc wizard (12 damage)
             ... with a puff of flame
             ... on level 3 of the Dungeon.
             The game lasted 00:02:13 (2156 turns).

kiwi3s the Chopper (Minotaur Berserker)             Turns: 2156, Time: 00:02:13

Health: -8/61      AC:  2    Str: 23    XL:     4   Next: 85%
Magic:  3/3        EV: 12    Int:  4    God:    Trog [**....]
Gold:   170        SH:  0    Dex: 10    Spells: 3/3 levels left

rFire   . . .      SeeInvis .    a - +0 hand axe
rCold   . . .      Faith    .    (no shield)
rNeg    . . .      Spirit   .    b - +0 animal skin
rPois   .          Reflect  .    (helmet restricted)
rElec   .          Rampage  .    (no cloak)
rCorr   .                        (no gloves)
Will    .....                    (no boots) Stlth
                                 (no amulet)
HPRegen 0.30/turn                (no ring)
MPRegen 0.08/turn                (no ring)

@: berserking, very quick
A: horns 2, retaliatory headbutt
a: Renounce Religion, Berserk, Trog's Hand


You were on level 3 of the Dungeon.
You worshipped Trog.
Trog was pleased with you.
You visited 1 branch of the dungeon, and saw 3 of its levels.

You collected 170 gold pieces.

Inventory:

Hand Weapons
 a - a +0 hand axe (weapon)
Armour
 b - a +0 animal skin (worn)
Jewellery
 q - an amulet of magic regeneration
Scrolls
 c - a scroll of noise {unknown}
 d - 6 scrolls of identify {unknown}
 e - a scroll of poison {unknown}
 f - a scroll of amnesia {unknown}
 g - 2 scrolls of vulnerability {unknown}
 h - 2 scrolls of enchant weapon {unknown}
 i - a scroll of immolation {unknown}
 k - 2 scrolls of fog {unknown}
 l - a scroll of teleportation {unknown}
 m - a scroll of magic mapping {unknown}
 r - a scroll of blinking {unknown}
Potions
 j - a potion of brilliance {unknown}
 n - a potion of might {unknown}
 o - a potion of flight {unknown}
 p - a potion of resistance {unknown}


   Skills:
 + Level 4.5 Fighting
 + Level 4.6 Axes
 + Level 3.7 Armour
 + Level 3.3 Dodging


You had 3 spell levels left.
You didn't know any spells.
Your spell library was empty.

Dungeon Overview and Level Annotations

Branches:
Dungeon (3/15)

Altars:
Ru

Shops:
D:1 [(   D:3 [


Innate Abilities, Weirdness & Mutations

You have a pair of horns on your head.
You reflexively headbutt those who attack you in melee.


Message History

You barely miss something. The orc closely misses you.
You hear some strange, mumbled words.
Something tries to affect you, but you resist.
You completely miss something. Your headbutt misses something.
You miss the orc. The orc closely misses you. Something hits you.
You miss the orc. You headbutt the orc.
You kill the orc!
Trog accepts your kill.
You miss something.
You hear some strange, mumbled words.
A puff of flame appears from out of thin air!
The puff of flame hits you!
A magic dart appears from out of thin air!
The magic dart hits you.
* * * LOW HITPOINT WARNING * * *
Something hits you.
* * * LOW HITPOINT WARNING * * *
Unknown command.
You bump into the rock wall.
Something hits you.
* * * LOW HITPOINT WARNING * * *
Something hits you.
* * * LOW HITPOINT WARNING * * *
You barely miss something. You miss something.
You feel less confused. Something hits you.
* * * LOW HITPOINT WARNING * * *
Something hits you but does no damage.
A red film seems to cover your vision as you go berserk!
You feel yourself moving faster!
You feel mighty! Something barely misses you.
Something hits you but does no damage.
You slash something! Trog accepts your kill.
Trog appreciates your killing of a magic user.
Reactivating autopickup.
You feel a bit more experienced.
You hit something.
You hear some strange, mumbled words.
A puff of flame appears from out of thin air!
Deactivating autopickup; reactivate with Ctrl-A.
The puff of flame hits you!
You die...

≈≈≈~#.#### #.###♣♣♣♣♣♣♣♣
≈~≈......# #.##♣♣♣.♣...♣##
~..#####.# ##.#...♣...♣...#
#...## #.####....♣♣..PP♣♣♣.#
.....##♣.♣....#..♣♣♣♣♣♣♣♣#.#
.)....##.#......## #.....#
.>...♣#♣.♣.♣...## #..####
.............#######.#..#
.....♣#♣#♣#♣## #@.{..#..#
#....# #.## #)#####..#
##.#.# #..# #.#####..# #.#.#
##.# #).......# #.#.# #.#
#..#.###.# #.#.#####.##
#.....=..# ##.#.##.....#
#..#.##### ##.#.##.##..#
#..#.# .....##.#.[.####..#.#


There were no monsters in sight!

Vanquished Creatures
  An orc wizard (D:3)
  An adder (D:3)
  11 dart slugs
  4 orcs
  4 ball pythons
  3 bats
  4 endoplasms
  A giant cockroach (D:2)
  5 goblins
  5 hobgoblins
  3 jackals (D:1)
  7 kobolds
  6 quokkas
  4 frilled lizards (D:1)
  5 rats
64 creatures vanquished.

Vanquished Creatures (others)
  2 plants (D:3)
2 creatures vanquished.

Grand Total: 66 creatures vanquished

Notes
Turn   | Place    | Note
-------+----------+-------------------------------------------
     0 | D:1      | kiwi3s the Minotaur Berserker began the quest for the Orb.
     0 | D:1      | Reached XP level 1. HP: 19/19 MP: 0/0
   168 | D:1      | Reached XP level 2. HP: 27/27 MP: 1/1
   302 | D:1      | Found Toas's Weapon Boutique.
   451 | D:1      | Reached ** piety under Trog
   453 | D:1      | Reached XP level 3. HP: 27/33 MP: 2/2
   878 | D:1      | Found Zuprasmi's Antique Armour Shoppe.
  1093 | D:2      | Found a faded altar of an unknown god.
  1147 | D:2      | You fall into a shaft and drop 1 floor!
  1152 | D:3      | Found a sacrificial altar of Ru.
  1321 | D:3      | Reached XP level 4. HP: 24/40 MP: 3/3
  1453 | D:3      | Found Rush's Antique Armour Shop.
  2153 | D:3      | HP: 2/41 [something (1)]
  2156 | D:3      | Killed from afar by an orc wizard

Illustrated notes

Levels and vault maps discovered:
D:1:      denvon_arrival_planthouse, layout_basic, serial_shops,
          nicolae_shop_competitors_out_of_business, shop
D:2:      layout_basic, serial_shops, shop, ebering_ecumenical_altar_box,
          amcnicky_mini_rare_corridor_liquid, corexii_shack, uniq_natasha
D:3:      kennysheep_slugbush, layout_loops_ring,
          nicolae_ru_sacrificial_ziggurat, serial_forest,
          infiniplex_forest_clump_C, infiniplex_forest_clump_tiny,
          infiniplex_forest_end_3, infiniplex_forest_clump_small,
          infiniplex_forest_zigzag_1, infiniplex_forest_lined_3_way,
          infiniplex_forest_lined_ring, infiniplex_forest_straight_2,
          serial_shops, shop, kennysheep_generic_room_9

Skill      XL: |  1  2  3 |
---------------+----------+-----
Fighting       | 4 |  4.5
Axes           | 4 |  4.6
Armour         | 3 |  3.7
Dodging        | 3 |  3.3

Action                     |  1- 3 |  4- 6 || total
---------------------------+-------+-------++-------
  Melee: Hand axe          |    84 |    33 ||   117
         Headbutt          |    15 |     9 ||    24
         Punch             |     1 |       ||     1
 Invoke: Berserk           |       |     1 ||     1
   Stab: Sleeping          |     2 |       ||     2
 Armour: Animal skin       |     6 |     8 ||    14
  Dodge: Dodged            |    34 |    20 ||    54

Table legend: (Time is in decaauts)
 A = Elapsed time spent in this place.
 B = Non-inter-level travel time spent in this place.
 C = Inter-level travel time spent in this place.
 D = Time resting spent in this place.
 E = Time spent auto-exploring this place.
 F = Levels seen in this place.
 G = Mean time per level.
                   A        B        C        D        E       F      G
               +--------+--------+--------+--------+--------+-----+--------+
         Total |   2173 |   2132 |     41 |      0 |   1767 |   3 |  724.3 |
       Dungeon |   2173 |   2132 |     41 |      0 |   1767 |   3 |  724.3 |
               +--------+--------+--------+--------+--------+-----+--------+

Top non-repeatable levels by time:
     D:1: 1026 daAuts
     D:3: 1020 daAuts
     D:2: 127 daAuts
